 Dungeon Crawl Stone Soup version 0.22.1-1-ga44c0e5 (webtiles) character file.

16291 brandon the Fighter (level 12, -1/115 HPs)
             Began as a Minotaur Berserker on Sept 30, 2018.
             Was a High Priest of Trog.
             Shot with an arrow by a centaur (3 damage)
             ... on level 1 of the Shoals.
             The game lasted 00:52:14 (14183 turns).

brandon the Fighter (Minotaur Berserker)           Turns: 14183, Time: 00:52:15

Health: -1/115     AC:  9    Str: 23    XL:     12   Next: 8%
Magic:  11/11      EV: 14    Int:  4    God:    Trog [*****.]
Gold:   649        SH:  0    Dex: 14    Spells: 11/11 levels left

rFire    . . .     SeeInvis .   M - +5 battleaxe
rCold    . . .     Gourm    .   (shield currently unavailable)
rNeg     . . .     Faith    .   g - +1 ring mail
rPois    .         Spirit   .   (helmet restricted)
rElec    .         Reflect  .   v - +0 cloak
rCorr    +         Harm     .   (no gloves)
MR       .....                  (no boots)
Stlth    +.........             (no amulet)
HPRegen  0.29/turn              m - ring of resist corrosion
MPRegen  0.12/turn              (no ring)

@: barbed spikes, glowing
A: retaliatory headbutt, horns 2
a: Berserk, Trog's Hand, Brothers in Arms, Renounce Religion


You were on level 1 of the Shoals.
You worshipped Trog.
Trog was extremely pleased with you.
You were not hungry.

You visited 3 branches of the dungeon, and saw 12 of its levels.

You collected 649 gold pieces.

Inventory:

Hand Weapons
 q - a +5 hunting sling
 u - a +3 quarterstaff of chaos
 L - a +3 war axe
 M - a +5 battleaxe (weapon)
 V - a +1 scimitar of flaming
 X - a +0 shortbow
 Z - a +2 trident of freezing
Missiles
 a - 175 arrows
 w - 37 poisoned needles
 x - 7 tomahawks (quivered)
 y - 19 bolts
 K - 8 javelins
 R - 6 exploding tomahawks
 Y - 7 silver javelins
Armour
 g - a +1 ring mail (worn)
 v - a +0 cloak (worn)
 A - a +0 buckler
Jewellery
 m - a ring of resist corrosion (left hand)
 n - a cursed amulet of inaccuracy {unknown}
 T - an uncursed ring of flight {unknown}
Wands
 C - a wand of flame (70)
 E - a wand of enslavement (29)
 I - a wand of random effects (16)
 S - a wand of acid (12)
 W - a wand of iceblast (6)
Scrolls
 b - 3 scrolls of teleportation
 d - a scroll of amnesia {unknown}
 e - 3 scrolls of remove curse
 i - 3 scrolls of enchant armour
 k - 2 scrolls of identify
 s - 2 scrolls of random uselessness {unknown}
 D - 4 scrolls of magic mapping
 F - a scroll of silence {unknown}
 G - a scroll of vulnerability {unknown}
 H - a scroll of enchant weapon {unknown}
 N - 3 scrolls of immolation {unknown}
 O - a scroll of blinking {unknown}
 P - a scroll of fog {unknown}
Potions
 f - 5 potions of curing
 h - 2 potions of flight
 j - 4 potions of brilliance
 l - 4 potions of haste
 o - a potion of mutation {unknown}
 p - 2 potions of heal wounds
 r - 2 potions of cancellation {unknown}
 t - 3 potions of lignification {unknown}
 z - 2 potions of degeneration {unknown}
 B - a potion of might
 J - a potion of invisibility {unknown}
 Q - a potion of berserk rage {unknown}
 U - 3 potions of agility {unknown}
Comestibles
 c - 21 rations


   Skills:
 * Level 13.2 Fighting
 - Level 9.3(11.7) Axes
   Level 11.6(12.7) Maces & Flails
 - Level 2.1(6.2) Polearms
 + Level 9.0 Armour
 + Level 6.1 Dodging
 - Level 0.7 Stealth
 * Level 7.8 Shields


You had 11 spell levels left.
You didn't know any spells.
Your spell library contained the following spells:

 Spells                   Type           Power        Failure   Level  Hunger
 Animate Skeleton         Necr           N/A          63%         1    ##.....
 Apportation              Tloc           #.....       63%         1    ##.....
 Confusing Touch          Hex            #.....       63%         1    ##.....
 Summon Butterflies       Summ           #.......     63%         1    ##.....
 Summon Small Mammal      Summ           #...         63%         1    ##.....
 Call Canine Familiar     Summ           #.......     94%         3    ####...
 Confuse                  Hex            #.......     94%         3    ####...
 Gell's Gravitas          Tloc           #.........   94%         3    ####...
 Petrify                  Tmut/Erth      #.......     100%        4    #####..
 Summon Ice Beast         Ice/Summ       #.......     100%        4    #####..
 Metabolic Englaciation   Hex/Ice        #.........   100%        5    ######.
 Summon Mana Viper        Hex/Summ       #.......     100%        5    ######.
 Yara's Violent Unravell  Hex/Tmut       #.........   100%        5    ######.
 Summon Hydra             Summ           #.........   100%        7    #######


Dungeon Overview and Level Annotations

Branches:
Dungeon (9/15)             Temple (0/1) D:5            Lair (2/6) D:9
 Shoals (1/4) Lair:2
  Snake: Lair:2-4    Spider: Lair:2-4       Orc: D:9-12

Altars:
Gozag
Makhleb
Nemelex Xobeh
Qazlal
Uskayaw
Wu Jian

Shops:
D:9 (


Innate Abilities, Weirdness & Mutations

You reflexively headbutt those who attack you in melee.
You have a pair of horns on your head.


Message History

You fall into the shallow water.
Moving in this stuff is going to be slow.
Found a ration.
Found a chain mail.
The centaur shoots an arrow.
The arrow barely misses you.
The centaur shoots an arrow.
The arrow hits you.
* * * LOW HITPOINT WARNING * * *
You hear a splash.
You see here an arrow.
A manticore comes into view.
The centaur shoots an arrow.
The arrow hits you but does no damage.
Found a spear.
A manticore comes into view.
The manticore flicks its tail.
The volley of spikes hits you!
The barbed spikes become lodged in your body.
* * * LOW HITPOINT WARNING * * *
Your ogre goes berserk!
You feel somewhat more hungry.
The centaur shoots an arrow.
The arrow hits you.
You die...

≈≈...>.≈≈≈≈≈≈≈≈,,,,* *,,,,,,,,,≈≈
≈≈.....≈≈≈≈≈≈≈.,******,,,,*,,,,,≈
≈≈≈..≈≈.≈≈..≈≈.** *,,,,,,,,*,,,
≈≈≈≈≈≈≈≈..##..#* *,,,*,,,**,≈≈
≈≈≈≈≈≈≈≈.##*##### *******,,,,,≈,
≈≈≈≈≈≈≈≈.# ##..# *,** **,,,,,,,
≈≈≈≈≈≈≈P.# #...## *,,*#*,,,,,,,,
≈≈≈≈PP≈≈.####%...###..).,,,,,,,,,
≈≈≈≈≈≈P......≈..@.H.....,,,,,,,,,
≈≈≈≈≈≈P≈≈≈≈≈≈(..........,,,****,,
≈≈≈≈≈P≈P≈≈P≈≈≈.O.......≈,,** ***
†..≈P≈P≈≈≈≈≈≈...........,** *,,
###..P≈≈≈≈≈≈≈≈........H.,,*****,,
##*#.≈≈≈≈≈≈≈≈≈...#......,,,,,,,,,
.###.≈≈≈≈≈c≈≈≈≈..##.....,,*,,,≈≈≈
......≈≈≈≈≈≈≈≈≈≈.....#..,***,,≈≈≈
..#....≈≈≈≈≈≈≈≈≈≈.≈≈,,≈,****,≈≈≈≈


You could see 2 manticores, a centaur and a friendly ogre (berserk).

Vanquished Creatures
  A merfolk impaler (Shoals:1)
  A two-headed ogre (D:9)
  Erica (D:8)
  2 sea snakes (Shoals:1)
  An unseen horror (D:6)
  3 manticores (Shoals:1)
  Maurice (D:8)
  Joseph (D:8)
  A merfolk siren (Shoals:1)
  A spiny frog (Lair:2)
  A black mamba (Lair:2)
  2 komodo dragons (Lair:1)
  A troll (D:9)
  A hornet (D:8)
  A wind drake (Shoals:1)
  Grinder (D:3)
  A merfolk (Shoals:1)
  A snapping turtle (Shoals:1)
  2 hippogriffs
  Sigmund (D:2)
  A spriggan (D:7)
  A wyvern (Lair:1)
  A water elemental (Shoals:1)
  A wraith (D:9)
  12 yaks (Lair:2)
  3 basilisks
  A hungry ghost (D:9)
  Duvessa (D:5)
  5 porcupines
  2 ice beasts
  2 sky beasts (D:7)
  An orc warrior (D:7)
  4 ogres
  3 phantoms
  6 centaurs
  4 crocodiles
  6 bullfrogs
  A big kobold (D:8)
  A water moccasin skeleton (D:5)
  Dowan (D:5)
  3 scorpions
  3 killer bees (D:8)
  8 wights
  2 crimson imps
  4 hounds
  3 orc priests
  Crazy Yiuf (D:2)
  A jelly (D:8)
  A bullfrog skeleton (D:7)
  Terence (D:3)
  4 iguanas
  10 orc wizards
  5 worker ants
  2 killer bee zombies
  A hound zombie (D:6)
  Robin (D:3)
  2 howler monkey skeletons
  18 adders
  3 shadow imps
  2 oozes
  2 worms (D:3)
  A dart slug (D:1)
  3 leopard geckos
  20 orcs
  A ball python (D:3)
  9 giant cockroaches
  13 goblins
  10 hobgoblins
  2 jackals (D:1)
  14 kobolds
  5 quokkas
  7 bats
  3 frilled lizards
  A leopard gecko zombie (D:8)
  10 rats
  A fungus (Lair:2)
  2 plants (Shoals:1)
261 creatures vanquished.

Vanquished Creatures (others)
  An orc wizard (D:5)
  3 plants (Lair:2)
4 creatures vanquished.

Grand Total: 265 creatures vanquished

Notes
Turn   | Place    | Note
-------+----------+-------------------------------------------
     0 | D:1      | brandon the Minotaur Berserker began the quest for the Orb.
     0 | D:1      | Reached XP level 1. HP: 19/19 MP: 0/0
   174 | D:1      | Reached skill level 4 in Fighting
   174 | D:1      | Reached XP level 2. HP: 15/27 MP: 1/1
   380 | D:1      | You fall through a shaft!
   568 | D:2      | Reached XP level 3. HP: 29/33 MP: 2/2
   586 | D:2      | Reached ** piety under Trog
   586 | D:2      | Reached XP level 4. HP: 8/41 MP: 3/3
  1159 | D:2      | Noticed Sigmund
  1168 | D:2      | Killed Sigmund
  1168 | D:2      | Reached skill level 5 in Fighting
  1168 | D:2      | Reached skill level 1 in Axes
  1168 | D:2      | Reached skill level 5 in Maces & Flails
  1168 | D:2      | Reached XP level 5. HP: 45/48 MP: 4/4
  1315 | D:2      | Reached XP level 6. HP: 48/56 MP: 5/5
  1674 | D:2      | Found a runed door.
  1678 | D:2      | Noticed Crazy Yiuf
  1682 | D:2      | Killed Crazy Yiuf
  1860 | D:3      | Noticed Terence
  1869 | D:3      | Killed Terence
  1912 | D:3      | Noticed Grinder
  1914 | D:3      | Paralysed by Grinder for 6 turns
  1921 | D:3      | Paralysed by Grinder for 2 turns
  1931 | D:3      | Paralysed by Grinder for 7 turns
  1939 | D:3      | Killed Grinder
  1939 | D:3      | Reached skill level 1 in Polearms
  1939 | D:3      | Reached XP level 7. HP: 28/62 MP: 6/6
  2313 | D:3      | Noticed Robin
  2330 | D:3      | Killed Robin
  2546 | D:3      | Reached *** piety under Trog
  3097 | D:4      | Reached skill level 6 in Fighting
  3687 | D:5      | Entered Level 5 of the Dungeon
  3813 | D:5      | Reached skill level 5 in Armour
  3813 | D:5      | Reached XP level 8. HP: 56/71 MP: 7/7
  3822 | D:5      | Found a staircase to the Ecumenical Temple.
  3964 | D:5      | Noticed a hand axe
  3965 | D:5      | Found a hide-covered altar of Uskayaw.
  3965 | D:5      | Noticed a hand axe
  4035 | D:5      | Noticed Dowan
  4035 | D:5      | Noticed Duvessa
  4051 | D:5      | Killed Dowan
  4074 | D:5      | Killed Duvessa
  4512 | D:5      | Reached skill level 7 in Fighting
  4622 | D:5      | Reached **** piety under Trog
  4894 | D:6      | Reached skill level 10 in Maces & Flails
  4949 | D:6      | Killed an unseen horror
  4949 | D:6      | Reached XP level 9. HP: 18/81 MP: 8/8
  5368 | D:6      | Reached skill level 8 in Fighting
  6246 | D:7      | Reached skill level 1 in Shields
  6264 | D:7      | Found a burning altar of Makhleb.
  6780 | D:7      | Reached skill level 9 in Fighting
  6971 | D:8      | Reached XP level 10. HP: 91/91 MP: 9/9
  6983 | D:7      | Reached ***** piety under Trog
  7080 | D:8      | Noticed Maurice
  7090 | D:8      | Killed Maurice
  7090 | D:8      | Reached skill level 5 in Axes
  7274 | D:8      | Noticed Erica
  7281 | D:8      | Killed Erica
  7281 | D:8      | Reached skill level 5 in Dodging
  7564 | D:8      | Noticed Joseph
  7572 | D:8      | Killed Joseph
  7768 | D:8      | Paralysed by a hornet for 2 turns
  8386 | D:8      | Found an opulent altar of Gozag.
  8388 | D:8      | Found a stormy altar of Qazlal.
  8388 | D:8      | Found an ornate altar of the Wu Jian Council.
  8392 | D:8      | Found a sparkling altar of Nemelex Xobeh.
  8675 | D:9      | Found Mylewow's Antique Weapon Boutique.
  8896 | D:9      | Noticed a two-headed ogre
  8905 | D:9      | Killed a two-headed ogre
  8905 | D:9      | Reached skill level 10 in Fighting
  8905 | D:9      | Reached skill level 5 in Shields
  9644 | D:9      | Found a staircase to the Lair.
  9674 | Lair:1   | Entered Level 1 of the Lair of Beasts
 10005 | Lair:1   | Reached XP level 11. HP: 86/101 MP: 10/10
 11379 | Lair:2   | Reached skill level 11 in Fighting
 11919 | Lair:2   | Received a gift from Trog
 12408 | Lair:2   | Found a staircase to the Shoals.
 12862 | Shoals:1 | Entered Level 1 of the Shoals
 12883 | Shoals:1 | Reached skill level 12 in Fighting
 12896 | Shoals:1 | Noticed a sea snake
 12909 | Shoals:1 | Killed a sea snake
 13267 | Shoals:1 | Noticed a sea snake
 13275 | Shoals:1 | Killed a sea snake
 13559 | Shoals:1 | Noticed a merfolk impaler
 13573 | Shoals:1 | Killed a merfolk impaler
 13573 | Shoals:1 | Reached skill level 13 in Fighting
 13573 | Shoals:1 | Reached XP level 12. HP: 44/115 MP: 11/11
 14158 | Shoals:1 | Noticed a merfolk avatar
 14182 | Shoals:1 | HP: 2/115 [manticore/volley of spikes (15)]
 14183 | Shoals:1 | Shot with an arrow by a centaur

Skill      XL: |  1  2  3  4  5  6  7  8  9 10 11 12 |
---------------+-------------------------------------+-----
Fighting       | 4 5 6 7 9 10 13 | 13.2
Maces & Flails | 4 5 6 7 10 11 | 11.6
Armour         | 3 4 5 6 7 8 9 |  9.0
Axes           | 1 2 4 8 9 |  9.3
Dodging        | 3 4 5 6 |  6.1
Polearms       | 1 2 |  2.1
Shields        | 2 5 7 |  7.8
Stealth        | |  0.7

Action                   |  1- 3 |  4- 6 |  7- 9 | 10-12 || total
-------------------------+-------+-------+-------+-------++-------
Melee: Mace              |    80 |     3 |       |       ||    83
       Headbutt          |     7 |    15 |    58 |    72 ||   152
       War axe           |       |    31 |       |       ||    31
       Scythe            |       |    29 |       |       ||    29
       Morningstar       |       |    10 |   242 |       ||   252
       Battleaxe         |       |       |    60 |   264 ||   324
Invok: Berserk           |     1 |     2 |     4 |     9 ||    16
       Trog's Hand       |       |       |       |     1 ||     1
       Brothers in Arms  |       |       |       |     1 ||     1
  Use: Scroll            |       |     2 |     5 |     4 ||    11
       Potion            |       |       |       |     4 ||     4
  Eat: Chunk             |       |     2 |     4 |     1 ||     7
       Ration            |       |     1 |     5 |     9 ||    15
Armor: Leather armour    |     6 |       |       |       ||     6
       Animal skin       |     2 |       |       |       ||     2
       Ring mail         |    19 |    20 |   118 |    73 ||   230
Dodge: Dodged            |    58 |    61 |   228 |   180 ||   527
Block: Buckler           |       |       |    11 |       ||    11
